 Dungeon Crawl Stone Soup version 0.32-a0-673-g3729bd50f8 (webtiles) character file.

Game seed: 15734087432952366138

4337 hikkokomori the Cleaver (level 10, -3/76 HPs)
             Began as a Coglin Berserker on Mar 10, 2024.
             Was a High Priest of Trog.
             Slain by Harold
             ... wielding a +3 mace of protection
              (18 damage)
             ... on level 9 of the Dungeon.
             The game lasted 00:17:15 (7798 turns).

hikkokomori the Cleaver (Coglin Berserker)          Turns: 7798, Time: 00:17:15

Health: -3/76      AC: 12    Str: 21    XL:     10   Next: 33%
Magic:  10/10      EV:  4    Int:  7    God:    Trog [*****.]
Gold:   298        SH:  0    Dex: 14    Spells: 9/9 levels left

rFire   . . .        e - +1 war axe (vamp) {Udjahorresnet}
rCold   . . .        w - +2 dagger (protect) {Tenoch}
rNeg    . . .        d - +0 chain mail
rPois   .            (no helmet)
rElec   .            A - +0 cloak
rCorr   .            m - +1 pair of gloves
SInv    .            k - +0 pair of boots
Will    .....        (amulet unavailable) Stlth
                     (ring unavailable)
HPRegen 0.32/turn    (ring unavailable)
MPRegen 0.12/turn    (no gizmo)

%: no passive effects
@: mighty, on berserk cooldown, held, hasted and slowed, revving
A: off-hand wielding, slow wielding, warmup strikes, no jewellery
a: Invent Gizmo, Renounce Religion, Berserk, Trog's Hand, Brothers in Arms


You were on level 9 of the Dungeon.
You worshipped Trog.
Trog was extremely pleased with you.
You visited 1 branch of the dungeon, and saw 9 of its levels.
You also visited: Ossuary.

You collected 340 gold pieces.
You spent 42 gold pieces at shops.

Inventory:

Hand Weapons
 e - a +1 vampiric war axe (weapon) {Udjahorresnet}
 n - the +3 sling of the Ancient Artisans {antimagic, ^Contam rC+ rCorr Stlth+}
   (You found it on level 3 of the Dungeon)

   rC+:       It protects you from cold.
   ^Contam:   It causes magical contamination when unequipped.
   rCorr:     It protects you from acid and corrosion.
   Stlth+:    It makes you more stealthy.
 w - a +2 dagger of protection (offhand) {Tenoch}
 y - a +0 dagger of draining
 L - a +3 heavy morningstar
Missiles
 g - 5 javelins (quivered)
 x - 3 throwing nets
 H - 2 curare-tipped darts
Armour
 d - a +0 chain mail (worn)
 k - a +0 pair of boots (worn)
 m - a +1 pair of gloves (worn)
 A - a +0 cloak (worn)
Wands
 t - a wand of digging (4)
 z - a wand of flame (15)
 K - a wand of charming (8)
Scrolls
 i - 2 scrolls of teleportation
 j - 3 scrolls of enchant weapon {unknown}
 p - a scroll of noise
 q - 2 scrolls of enchant armour
 s - 2 scrolls of poison
 u - 4 scrolls of amnesia
 B - 2 scrolls of revelation {unknown}
 D - 3 scrolls of fear
 E - a scroll of torment {unknown}
 F - a scroll of vulnerability
 G - 3 scrolls of fog {unknown}
Potions
 f - a potion of heal wounds
 h - 2 potions of might
 l - 2 potions of brilliance
 o - a potion of degeneration
 r - 2 potions of curing
 v - 3 potions of haste
 C - 3 potions of cancellation
 I - a potion of berserk rage {unknown}
 J - a potion of attraction


   Skills:
 - Level 6.0 Fighting
 + Level 7.9 Short Blades
 + Level 9.3 Axes
 - Level 2.0 Armour
 - Level 2.0 Dodging
 - Level 8.0 Evocations


You had 9 spell levels left.
You didn't know any spells.
Your spell library was empty.

Dungeon Overview and Level Annotations

Branches:
Dungeon (9/15)             Temple (0/1) D:4            Lair (0/5) D:8
    Orc (0/2) D:9         Ossuary (visited)

Altars:
Ashenzari
Cheibriados
Kikubaaqudgha
Qazlal
Ru
Uskayaw
Xom

Shops:
D:2 :   D:6 (   D:7 !

Annotations:
D:5 3 runed translucent doors, cforsyth's ghost, novice MDNe
D:9 Harold


Innate Abilities, Weirdness & Mutations

You can wield a second weapon in your off-hand.
It takes a long time for you to wield or remove held weapons.
Your first few attacks do less damage.
You cannot equip rings or amulets.


Message History

Something hits your orc priest!!
Your orc priest dies!
The orc wizard misses you. The kobold hits you with a +0 whip.
The orc priest shouts!
You hit the kobold with your +2 dagger of protection.
The kobold is moderately wounded.
You slice the kobold with your +1 vampiric war axe!!
You kill the kobold!
Trog accepts your kill.
You barely miss the orc wizard with your +1 vampiric war axe.
You barely miss the kobold brigand with your +1 vampiric war axe.
The orc priest mumbles some strange prayers to Beogh against you.
Beogh smites you!
The orc wizard hits you but does no damage.
The kobold brigand closely misses you.
You slash the orc wizard with your +1 vampiric war axe!
You feel better.
You kill the orc wizard!
Trog accepts your kill.
Trog appreciates your killing of a magic user.
You completely miss the kobold brigand with your +1 vampiric war axe.
The kobold brigand hits you with a +3 dagger of protection.
You feel very mighty all of a sudden. The kobold brigand closely misses you.
Harold throws a throwing net.
The throwing net hits you.
You become entangled in the net!
The orc priest mumbles some strange prayers to Beogh against you.
Beogh smites you!
* * * LOW HITPOINT WARNING * * *
You feel much better. The kobold brigand barely misses you.
You struggle against the net.
The kobold brigand hits you with a +3 dagger of protection.
Harold hits you but does no damage.
The orc priest hits you from afar with a +0 trident!
* * * LOW HITPOINT WARNING * * *
You struggle against the net.
The kobold brigand hits you with a +3 dagger of protection.
* * * LOW HITPOINT WARNING * * *
Harold hits you with a +3 mace of protection!!
You die...
Harold says, "Time to retire."

.........# '.+
..........# #.# ......
#.........# '.' ......
#.........# #.# ......
#.........###'###......
#.........#ß#)#ß#.....
#......(††....).......
#...........##)K.##..
#......<..K.##))@#
#...........##.)@#
#...........##...o.
#...........##....)>.
#...........##?........
#...........##..#ß...ß#
#...........##..###'###
............##..# ..


You could see Harold, a kobold brigand and an orc priest.

Vanquished Creatures
  Sigmund (D:2)
  A wyvern (D:9)
  3 yaks (D:7)
  Eustachio (D:5)
  Edmund (D:6)
  Menkaure (Ossuary)
  5 orc warriors
  An ice beast (D:5)
  2 black bears
  An ogre (D:6)
  4 centaurs
  A phantom (D:5)
  2 bullfrogs (D:7)
  2 kobold brigands
  4 scorpions
  5 wights
  9 killer bees
  3 howler monkeys (D:9)
  2 bombardier beetles (D:5)
  A jelly (D:4)
  Crazy Yiuf (D:2)
  2 orc priests
  2 sleepcaps
  A gnoll bouda (D:4)
  2 hounds (D:6)
  3 orc wizards
  5 mummies
  10 gnolls
  An adder (D:3)
  2 white imps
  5 dart slugs
  A ribbon worm (D:2)
  24 orcs
  10 endoplasms
  3 giant cockroaches
  4 gnoll zombies (Ossuary)
  5 goblins
  10 hobgoblins
  8 jackals
  2 quokkas (D:3)
  7 ball pythons
  3 bats
  A frilled lizard (D:2)
  5 goblin skeletons (Ossuary)
  2 goblin zombies (Ossuary)
  4 hobgoblin skeletons (Ossuary)
  3 hobgoblin zombies (Ossuary)
  25 kobolds
  6 kobold skeletons (Ossuary)
  10 kobold zombies (Ossuary)
  4 orc skeletons (Ossuary)
  2 orc zombies (Ossuary)
  4 rats
  6 rat skeletons (Ossuary)
  4 rat zombies (Ossuary)
237 creatures vanquished.

Vanquished Creatures (others)
  An orc priest (D:9)
1 creature vanquished.

Grand Total: 238 creatures vanquished

Notes
Turn   | Place    | Note
-------+----------+-------------------------------------------
     0 | D:1      | hikkokomori the Coglin Berserker began the quest for the
                  | Orb.
     0 | D:1      | Reached XP level 1. HP: 18/18 MP: 1/1
    99 | D:1      | Found a faded altar of an unknown god.
   150 | D:1      | Reached XP level 2. HP: 19/24 MP: 2/2
   935 | D:2      | Reached XP level 3. HP: 29/29 MP: 3/3
   975 | D:2      | Noticed Sigmund
   992 | D:2      | Identified a scroll of acquirement
  1000 | D:3      | Acquired a +1 vampiric war axe
  1181 | D:3      | Reached skill level 1 in Short Blades
  1227 | D:3      | Reached ** piety under Trog
  1336 | D:3      | Reached XP level 4. HP: 36/36 MP: 4/4
  1493 | D:3      | Found a stormy altar of Qazlal.
  1521 | D:3      | Identified the +3 sling of the Ancient Artisans {antimagic,
                  | ^Contam rC+ rCorr Stlth+}
  1928 | D:4      | Found a staircase to the Ecumenical Temple.
  2009 | D:4      | Reached XP level 5. HP: 40/42 MP: 5/5
  2010 | D:4      | Reached skill level 4 in Axes
  2043 | D:4      | Found a sand-covered staircase.
  2053 | Ossuary  | Entered an ossuary
  2082 | Ossuary  | Reached *** piety under Trog
  2369 | Ossuary  | Reached **** piety under Trog
  2387 | Ossuary  | Noticed Menkaure
  2394 | Ossuary  | Killed Menkaure
  2395 | Ossuary  | Reached XP level 6. HP: 46/49 MP: 6/6
  2523 | D:4      | Noticed a black bear
  2531 | D:4      | Killed a black bear
  2532 | D:4      | Reached skill level 5 in Fighting
  2532 | D:4      | Reached skill level 5 in Axes
  2532 | D:4      | Reached XP level 7. HP: 56/56 MP: 7/7
  3008 | D:2      | Killed Sigmund
  3053 | D:2      | Noticed a walking frostbound tome
  3056 | D:2      | Found Rytux's Book Boutique.
  3058 | D:2      | Noticed a walking earthen tome
  3228 | D:2      | Found a runed translucent door.
  3229 | D:2      | Noticed Crazy Yiuf
  3346 | D:2      | Killed Crazy Yiuf
  3548 | D:5      | Entered Level 5 of the Dungeon
  3615 | D:5      | Reached skill level 1 in Evocations
  3670 | D:5      | Reached XP level 8. HP: 64/64 MP: 8/8
  3746 | D:5      | Found a hide-covered altar of Uskayaw.
  3788 | D:5      | Noticed Eustachio
  3796 | D:5      | Killed Eustachio
  3797 | D:5      | Reached skill level 6 in Axes
  3837 | D:5      | Noticed cforsyth's ghost (novice MDNe)
  3840 | D:5      | Found a runed translucent gate.
  3840 | D:5      | Found a runed translucent gate.
  3840 | D:5      | Found a runed translucent gate.
  3896 | D:5      | Found a snail-covered altar of Cheibriados.
  4676 | D:6      | Reached skill level 5 in Short Blades
  4880 | D:6      | Found a sacrificial altar of Ru.
  5201 | D:6      | Found Puedial's Weapon Emporium.
  5223 | D:6      | Found an ancient bone altar of Kikubaaqudgha.
  5223 | D:6      | Found a shimmering altar of Xom.
  5393 | D:6      | Reached skill level 5 in Evocations
  5514 | D:6      | Noticed Edmund
  5545 | D:6      | Killed Edmund
  5546 | D:6      | Reached skill level 7 in Axes
  5546 | D:6      | Reached XP level 9. HP: 25/69 MP: 9/9
  6012 | D:7      | Found Ginosh's Distillery.
  6038 | D:7      | Reached ***** piety under Trog
  6048 | D:7      | Found a broken altar of Ashenzari.
  6397 | D:7      | Reached skill level 8 in Axes
  6483 | D:7      | Bought a potion of curing for 42 gold pieces
  6883 | D:8      | Found a staircase to the Lair.
  7042 | D:8      | Reached XP level 10. HP: 76/76 MP: 10/10
  7585 | D:8      | Received a gift from Trog
  7767 | D:9      | Found a staircase to the Orcish Mines.
  7776 | D:9      | Reached skill level 9 in Axes
  7788 | D:9      | Noticed Harold
  7798 | D:9      | Slain by Harold

Illustrated notes

Levels and vault maps discovered:
D:1:      mrwooster_arrival_statue, layout_loops_corners,
          shapermc_ecumenical_altar_mp_ritualfount, corexii_leaking_fountain
D:2:      layout_basic, serial_shops, nicolae_shop_mannequins, corexii_shack,
          uniq_crazy_yiuf_cottage, uniq_sigmund
D:3:      layout_basic, mainiacjoe_overflow_concentric_impassable, hex_large,
          chequers_avenue
D:4:      layout_basic, minmay_temple_entry_mini_moons,
          mainiacjoe_ossuary_entry_dusty_tomb, st_stairs_1
D:5:      nicolae_cairo_tiling_very_big, layout_basic,
          mainiacjoe_overflow_surrounded_room, chei_slow_surprise,
          gammafunk_ghost_nasty_kobolds, amethyst_killhole, uniq_eustachio
D:6:      layout_layer_cave, gammafunk_temple_overflow_pools,
          mainiacjoe_overflow_catwalk, serial_shops, nicolae_shop_stone,
          uniq_edmund
D:7:      layout_basic, grunt_ashenzari_visionary
          [grunt_ashenzari_visionary_swamp, grunt_ashenzari_visionary_spider],
          serial_shops, shop, minmay_fractal_squares_gapless_5, uniq_menkaure
D:8:      kennysheep_kobold_camp, layout_basic, lair_entry_dummy
D:9:      layout_long_grid, gammafunk_temple_overflow_wave,
          lemuel_mausoleum_altar_yredelemnul, lemuel_crystal_altar,
          minmay_orc_entry_temple_small, uniq_erolcha, uniq_harold

Skill      XL: |  1  2  3  4  5  6  7  8  9 10 |
---------------+-------------------------------+-----
Armour         | 2 |  2.0
Dodging        | 2 |  2.0
Short Blades   | 1 2 3 4 5 7 |  7.9
Fighting       | 4 5 6 |  6.0
Axes           | 4 5 7 8 9 |  9.3
Evocations     | 1 5 8 |  8.0

Action                     |  1- 3 |  4- 6 |  7- 9 | 10-12 || total
---------------------------+-------+-------+-------+-------++-------
  Melee: Hand axe          |    43 |       |       |       ||    43
         Dagger            |    60 |   116 |   217 |    53 ||   446
         War axe           |    30 |   136 |   233 |    56 ||   455
 Invoke: Berserk           |     1 |     1 |     3 |     1 ||     6
         Trog's Hand       |       |     1 |       |       ||     1
  Evoke: Wand              |       |       |     1 |     2 ||     3
    Use: Scroll            |     3 |     7 |     4 |       ||    14
         Potion            |     3 |       |     2 |     3 ||     8
 Armour: Chain mail        |    77 |    60 |   263 |    60 ||   460
  Dodge: Dodged            |    27 |    47 |   128 |    36 ||   238

Table legend: (Time is in decaauts)
 A = Elapsed time spent in this place.
 B = Non-inter-level travel time spent in this place.
 C = Inter-level travel time spent in this place.
 D = Time resting spent in this place.
 E = Time spent auto-exploring this place.
 F = Levels seen in this place.
 G = Mean time per level.
                   A        B        C        D        E       F      G
               +--------+--------+--------+--------+--------+-----+--------+
         Total |   7812 |   7426 |    386 |    128 |   5877 |  10 |  781.2 |
       Dungeon |   7378 |   6992 |    386 |    100 |   5673 |   9 |  819.8 |
       Ossuary |    434 |    434 |      0 |     28 |    204 |   1 |  434.0 |
               +--------+--------+--------+--------+--------+-----+--------+

Top non-repeatable levels by time:
     D:6: 1406 daAuts
     D:7: 1076 daAuts
     D:3: 910 daAuts
     D:8: 897 daAuts
     D:1: 855 daAuts
     D:5: 827 daAuts
     D:4: 700 daAuts
     D:2: 669 daAuts
 Ossuary: 434 daAuts
     D:9: 34 daAuts
